 Dungeon Crawl Stone Soup version 0.30-a0-168-g0b976cbdc4 (webtiles) character file.

Game seed: 305156941755236028

205 qw the Chopper (level 5, -1/32 HPs)
             Began as a Gargoyle Fighter on Sept 29, 2022.
             Slain by a gnoll
             ... wielding a +0 spear
             ... led by a gnoll bouda
              (3 damage)
             ... on level 4 of the Dungeon.
             The game lasted 00:00:50 (2250 turns).

qw the Chopper (Gargoyle Fighter)                   Turns: 2250, Time: 00:00:50

Health: -1/32      AC: 14    Str: 22    XL:     5   Next: 83%
Magic:  5/5        EV:  9    Int:  8    God:
Gold:   121        SH:  4    Dex:  9    Spells: 4/4 levels left

rFire   . . .      SeeInvis .    Y - +0 war axe
rCold   . . .      Faith    .    c - +0 buckler
rNeg    + . .      Spirit   .    b - +0 scale mail
rPois   inf        Reflect  .    k - +2 helmet
rElec   +          Harm     .    (no cloak)
rCorr   .          Rampage  .    (no gloves)
Will    .....                    (no boots)
Stlth   ..........               h - amulet of regeneration
HPRegen 0.90/turn                (no ring)
MPRegen 0.09/turn                (no ring)

@: about to teleport
A: sickness immunity, AC +4, negative energy resistance 1, electricity
resistance, torment resistance 1, petrification resistance
a: no special abilities


You were on level 4 of the Dungeon.
You visited 1 branch of the dungeon, and saw 4 of its levels.

You collected 121 gold pieces.


Innate Abilities, Weirdness & Mutations

You are immune to sickness and miasma.
Your stone body is resilient. (AC +4)
You are immune to poison.
You resist negative energy. (rN+)
You are resistant to electric shocks. (rElec)
You are resistant to unholy torment.
You are immune to petrification.


   Skills:
 + Level 3.2 Fighting
 - Level 5.3 Axes
 - Level 3.2 Armour
 - Level 3.2 Shields


You had 4 spell levels left.
You didn't know any spells.
Your spell library was empty.

Inventory:

Hand Weapons
 l - a +0 mace
 Y - a +0 war axe (weapon)
Missiles
 j - 3 boomerangs (quivered)
Armour
 b - a +0 scale mail (worn)
 c - a +0 buckler (worn)
 k - a +2 helmet (worn)
Jewellery
 f - a ring of fire
 h - an amulet of regeneration (around neck)
Scrolls
 i - a scroll of identify
 n - a scroll of enchant armour
Potions
 d - 2 potions of might
 m - a potion of mutation {unknown}

Dungeon Overview and Level Annotations

Branches:
Dungeon (4/15)
 Temple: D:4-7

Altars:

Shops:
D:1 (

Annotations:
D:3 2 transporters, qw's ghost, weakling GrFi


Message History

The goblin barely misses you. The black bear closely misses you.
The black bear claws you but does no damage. x2
The orc hits you but does no damage.
The orc wizard hits you with a +0 dagger.
The gnoll hits you from afar with a +0 halberd!
You block the gnoll's attack.
The black bear bites you but does no damage.
The black bear claws you but does no damage. x2
The orc hits you with a +1 vampiric war axe.
The goblin hits you but does no damage. The orc wizard closely misses you.
You hit the orc wizard.
You kill the orc wizard!
You slash the black bear! You slash the goblin!
You kill the goblin!
You slash the orc!
You kill the orc!
The gnoll closely misses you. The gnoll hits you but does no damage.
The gnoll misses you.
The black bear bites you but does no damage.
The black bear claws you.
The black bear claws you but does no damage.
The gnoll misses you.
You slash the black bear!
The black bear is severely wounded.
You block the gnoll's attack. The black bear barely misses you.
The black bear closely misses you. The black bear claws you.
The gnoll barely misses you.
You slash the black bear!
You kill the black bear!
The gnoll hits you but does no damage.
The gnoll hits you from afar with a +0 halberd.
The gnoll completely misses you. The gnoll barely misses you.
The gnoll bouda hits you with a +0 whip!
Your Axes skill increases to level 5!
You have reached level 5!
2250 ||| READING scroll of teleportation.
As you read the scroll of teleportation, it crumbles to dust.
You feel strangely unstable.
The gnoll hits you but does no damage. x2
The gnoll hits you from afar with a +0 spear.
You die...

....##.. #
........ ..
......#
#######...
......#
#...g.....
......##
#.))gS....
........
#%@ggg....
Y.......
......######...
<....... .....
##....$. ....
..... ... ....
.. ### .


You could see a gnoll bouda, 4 gnolls and a ball python.

Vanquished Creatures
  A black bear (D:4)
  An orc wizard (D:4)
  Robin (D:3)
  A worm (D:2)
  A dart slug (D:1)
  2 orcs (D:4)
  A ball python (D:3)
  6 endoplasms
  3 giant cockroaches
  12 goblins
  7 hobgoblins
  6 jackals (D:1)
  2 quokkas
  4 bats
  2 frilled lizards
  8 kobolds
  3 rats
61 creatures vanquished.

Notes
Turn   | Place    | Note
-------+----------+-------------------------------------------
     0 | D:1      | qw the Gargoyle Fighter began the quest for the Orb.
     0 | D:1      | Reached XP level 1. HP: 14/14 MP: 1/1
     0 | D:1      | 0 ||| qw: Version: 0.2-a-12-gaebbb33
     0 | D:1      | 0 ||| qw: Game counter: 1107
     0 | D:1      | 0 ||| qw: Always use a shield: true
     0 | D:1      | 0 ||| qw: God list: Okawaru
     0 | D:1      | 0 ||| qw: Allow faded altars: false
     0 | D:1      | 0 ||| qw: Do Orc after D:15 true
     0 | D:1      | 0 ||| qw: Do second Lair branch before Depths: true
     0 | D:1      | 0 ||| qw: Lair rune preference: random
     0 | D:1      | 0 ||| qw: Plans: Normal, Zot:1-4, God:TSO, Crypt, Tomb,
                  | Pan, Slime:5, Hells, Abyss, Orb
     0 | D:1      | 0 ||| PLANNING D:1-11
    81 | D:1      | Reached skill level 2 in Axes
    93 | D:1      | Found Hoph's Antique Weapon Emporium.
   130 | D:1      | 130 ||| Stepping ~*~*~tactically~*~*~ (stealth).
   139 | D:1      | Reached XP level 2. HP: 10/19 MP: 2/2
   177 | D:1      | 177 ||| Stepping ~*~*~tactically~*~*~ (stealth).
   296 | D:1      | 296 ||| DROPPING +0 club.
   422 | D:1      | 422 ||| Stepping ~*~*~tactically~*~*~ (stealth).
   549 | D:1      | Reached skill level 3 in Axes
   588 | D:1      | Reached XP level 3. HP: 23/23 MP: 3/3
   711 | D:1      | Found a faded altar of an unknown god.
   900 | D:1      | 900 ||| UPGRADING to amulet of regeneration.
   905 | D:1      | 905 ||| READING scroll labelled QEJ ZONURRAMOTU.
   906 | D:1      | 906 ||| READING scroll labelled ERPHOSMI HOARYCK.
   907 | D:1      | 907 ||| READING 2 scrolls labelled VIOXUI QIKHYOD.
   911 | D:1      | 911 ||| READING scroll labelled REENAMP LOBUOT.
   912 | D:1      | 912 ||| READING 2 scrolls labelled RUOWOF JOAMN.
   913 | D:1      | 913 ||| READING scroll labelled KICWONETREK.
   914 | D:1      | 914 ||| DROPPING scroll of poison.
  1515 | D:2      | 1515 ||| READING 2 scrolls labelled HOSURPH ZOTO.
  1516 | D:2      | 1516 ||| READING scroll labelled TOJUVU EDERRAK.
  1517 | D:2      | 1517 ||| READING scroll labelled MIWKOG ZYBY.
  1518 | D:2      | 1518 ||| DROPPING scroll of blinking.
  1821 | D:3      | Reached XP level 4. HP: 28/28 MP: 4/4
  1821 | D:3      | 1821 ||| Stepping ~*~*~tactically~*~*~ (stealth).
  1824 | D:3      | Noticed Robin
  1825 | D:3      | 1825 ||| Stepping ~*~*~tactically~*~*~ (hiding).
  1848 | D:3      | Reached skill level 4 in Axes
  1850 | D:3      | Killed Robin
  1906 | D:3      | Noticed qw's ghost (weakling GrFi)
  1907 | D:3      | Found a transporter.
  1985 | D:3      | Found a transporter.
  2203 | D:3      | 2203 ||| UPGRADING to +2 helmet.
  2208 | D:3      | 2208 ||| DROPPING scarf of harm.
  2209 | D:3      | 2209 ||| READING scroll labelled ASHREE XIERCHIW.
  2210 | D:3      | 2210 ||| READING 2 scrolls of identify.
  2210 | D:3      | 2210 ||| IDENTIFYING puce potion
  2233 | D:4      | Noticed an ice beast
  2237 | D:4      | HP: 4/28 [ice beast (13)]
  2238 | D:4      | 2238 ||| READING 2 scrolls of teleportation.
  2244 | D:4      | 2244 ||| DRINKING potion of curing.
  2244 | D:4      | 2244 ||| (to cure confusion)
  2244 | D:4      | Noticed a black bear
  2249 | D:4      | Killed a black bear
  2249 | D:4      | HP: 1/28 [gnoll bouda/+0 whip (7)]
  2250 | D:4      | Reached skill level 5 in Axes
  2250 | D:4      | Reached XP level 5. HP: 1/32 MP: 5/5
  2250 | D:4      | 2250 ||| READING scroll of teleportation.
  2250 | D:4      | Slain by a gnoll

Levels and vault maps discovered:
D:1:      nicolae_arrival_washed_ashore, layout_rooms, serial_shops,
          nicolae_shop_statue_plus, hellmonk_ecumenical_altar_crossroads,
          hex_medium
D:2:      layout_basic
D:3:      layout_loops_ring, gammafunk_ghost_stat_death,
          chequers_serial_rivers_micro_b, uniq_robin
D:4:      layout_basic, mainiacjoe_overflow_small_starburst,
          mainiacjoe_overflow_divided_tiny, uniq_edmund

Skill      XL: |  1  2  3  4 |
---------------+-------------+-----
Axes           | 2 3 5 |  5.3
Fighting       | |  3.2
Armour         | |  3.2
Shields        | |  3.2

Action                   |  1- 3 |  4- 6 || total
-------------------------+-------+-------++-------
Melee: War axe           |    95 |    53 ||   148
Throw: Boomerang         |    17 |     4 ||    21
  Use: Scroll            |     9 |     4 ||    13
       Potion            |       |     1 ||     1
Armor: Scale mail        |    44 |    51 ||    95
Dodge: Dodged            |    43 |    32 ||    75
Block: Buckler           |    15 |    11 ||    26

Table legend:
 A = Non-vault XP
 B = Vault XP
 C = Vault XP percentage of total XP
 D = Non-vault monster count
 E = Vault monster count
 F = Vault count percentage of total count
                 A         B        C        D         E       F
            +---------+---------+-------+---------+---------+-------
      Total |     260 |      34 |  11.6 |      50 |      11 |  18.0
            +---------+---------+-------+---------+---------+-------
        D:1 |      46 |       0 |   0.0 |      25 |       0 |   0.0
        D:2 |      30 |       0 |   0.0 |      15 |       0 |   0.0
        D:3 |      10 |      34 |  77.3 |       5 |      11 |  68.8
        D:4 |     174 |       0 |   0.0 |       5 |       0 |   0.0
            +---------+---------+-------+---------+---------+-------
